cohdb
Replays
Latest Replays
All Replays
Popular Replays
Top Player Replays
Match Explorer
How It Works
Community
CoH3 Stats
Reddit
Sign in to upload your games and track your stats! →
Sign in with Steam
Match 37934292
Unlisted
Match 37934292
Overview
Messages
Build Orders
End
250 Light Carrier
Panzergrenadier Squad
Panzergrenadier Squad
Construct Light Support Kompanie
MG34 Team
Construct Mechanized Kompanie
Panzerpioneer Squad
8 Rad Armored Car
2.5-tonne Medical Truck
Assault Mechanized Group
Veteran Squad Leaders
Construct Panzerarmee Kommand
Emergency Repair Kits
MG34 Team
Panzerjäger Mechanized Group
Armored Reserves
Selects Armored Support Battlegroup
Selects Vehicle Awareness
Selects Panzer Storm
Selects Stuka Anti-tank Loiter
Stuka Anti-tank Loiter
Tiger Heavy Tank
Zyso
Tanith's Finest
0
0
Comments
sign in to comment!
No comments posted yet!